 Dungeon Crawl Stone Soup version 0.20-a0-920-gb18bc0f (webtiles) character file.

83 Wendigo the Firebug (level 4, -4/49 HPs)
             Began as a Draconian Fire Elementalist on Mar 25, 2017.
             Killed from afar by an orc wizard (7 damage)
             ... with a magic dart
             ... on level 2 of the Dungeon.
             The game lasted 00:05:59 (2521 turns).

Wendigo the Firebug (Draconian Fire Elementalist)   Turns: 2521, Time: 00:05:59

Health: -4/49      AC:  5    Str: 15    XL:     4   Next: 22%
Magic:  1/7        EV: 13    Int: 16    God:
Gold:   74         SH:  0    Dex: 12    Spells: 4/7 levels left

rFire    . . .     SeeInvis .   e - +0 whip
rCold    . . .     Gourm    .   (no shield)
rNeg     . . .     Faith    .   (armour unavailable)
rPois    .         Spirit   .   (helmet restricted)
rElec    .         Reflect  .   (no cloak)
rCorr    .         Harm     .   (no gloves)
MR       .....                  (no boots)
Stlth    ..........             c - amulet of inaccuracy (curse)
Regen    0.2/turn               l - +1 ring of evasion (curse)
MPRegen  0.1/turn               (no ring)

@: berserking, very quick
A: unfitting armour, cold-blooded, AC +5
a: no special abilities


You were on level 2 of the Dungeon.
You were not hungry.

You visited 1 branch of the dungeon, and saw 3 of its levels.

You collected 74 gold pieces.

Inventory:

Hand Weapons
 e - a +0 whip (weapon)
Jewellery
 c - a cursed amulet of inaccuracy (around neck)
 l - a cursed +1 ring of evasion (left hand)
Potions
 d - a potion of berserk rage
 g - 3 potions of curing
 j - a potion of mutation {unknown}
 k - 2 potions of heal wounds {unknown}
 m - 2 potions of haste {unknown}
Books
 a - a book of Flames

   Spells                             Type                      Level
   a - Flame Tongue                   Conjuration/Fire             1
   b - Throw Flame                    Conjuration/Fire             2
   c - Conjure Flame                  Conjuration/Fire             3
   d - Inner Flame                    Hexes/Fire                   3
   e - Sticky Flame                   Conjuration/Fire             4
   f - Fireball                       Conjuration/Fire             5
Comestibles
 b - 2 bread rations
 h - a meat ration
 i - a royal jelly


   Skills:
 - Level 1.7 Dodging
 - Level 1.7 Stealth
 + Level 2.2 Spellcasting
 * Level 2.8 Conjurations
 * Level 4.1 Fire Magic


You had 4 spell levels left.
You knew the following spells:

 Your Spells              Type           Power        Failure   Level  Hunger
a - Flame Tongue          Conj/Fire      ##...        6%          1    #......
b - Throw Flame           Conj/Fire      ##....       10%         2    ###....


Dungeon Overview and Level Annotations

Branches:
Dungeon (3/15)

Altars:
The Shining One

Annotations:
D:3 exclusion: bullfrog


Innate Abilities, Weirdness & Mutations

Your plain brown scales are hard. (AC +5)
You cannot fit into any form of body armour.
You are cold-blooded and may be slowed by cold attacks.


Message History

It was a potion of berserk rage.
A red film seems to cover your vision as you go berserk!
You feel yourself moving faster!
You feel mighty! The orc wizard hits you with a dagger.
* * * LOW HITPOINT WARNING * * *
You are too berserk!
You whack the orc wizard!
Your tail-slap misses the orc wizard.
The orc wizard is almost dead.
The orc wizard barely misses you.
You closely miss the orc wizard.
The orc wizard is almost dead.
The orc wizard mumbles some strange words.
The orc wizard flickers and vanishes!
Deactivating autopickup; reactivate with Ctrl-A.
Something hits you but does no damage.
You completely miss something.
You hear some strange, mumbled words.
A magic dart appears from out of thin air!
The magic dart hits you!
You die...

....#.#########......## ##..#...+
###..............##..# #.....###
###.....####......)####.##..# #
#####..#### ###.......##.##..###
#......# ##.#........##.....
..###.## #..#.#.....########
#####..## #.##.##.##.###...##
........#######.#{.##.##.##.....#
...........##...@..##..#.#.......
...................###.#.........
########...........###.###.......
##...<.....(..(..........#
##.#######.###.###....... #.# #.#
#..##....... #.# #.####.##.......
#.# #..............# #.#
#.............##


There were no monsters in sight!

Vanquished Creatures
  3 adders
  2 oozes (D:2)
  A worm (D:2)
  A dart slug (D:1)
  3 leopard geckos
  An orc (D:3)
  A giant cockroach (D:1)
  3 goblins (D:1)
  4 hobgoblins
  2 jackals (D:1)
  7 kobolds
  A quokka (D:2)
  2 bats (D:2)
  4 frilled lizards
  6 rats
41 creatures vanquished.

Notes
Turn   | Place    | Note
-------+----------+-------------------------------------------
     0 | D:1      | Wendigo the Draconian Fire Elementalist began the quest for the Orb.
     0 | D:1      | Reached XP level 1. HP: 14/14 MP: 3/3
   393 | D:1      | Reached XP level 2. HP: 20/20 MP: 0/5
   567 | D:1      | Learned a level 2 spell: Throw Flame
  1162 | D:2      | Reached XP level 3. HP: 22/26 MP: 0/6
  1648 | D:2      | Found a glowing golden altar of the Shining One.
  2113 | D:3      | Reached skill level 4 in Fire Magic
  2196 | D:3      | Reached XP level 4. HP: 33/33 MP: 1/7
  2311 | D:3      | Noticed a bullfrog
  2518 | D:2      | HP: 2/49 [orc wizard/dagger (1)]
  2521 | D:2      | Killed from afar by an orc wizard

Vault maps used:
D:1:      dpeg_arrival_stonehenge_8_columns, minmay_pentomino_w4
D:2:      lemuel_doored_altar
D:3:      grunt_temple_overflow_open

Skill      XL: |  1  2  3 |
---------------+----------+-----
Conjurations   | 2 |  2.8
Fire Magic     | 4 |  4.1
Dodging        | |  1.7
Stealth        | |  1.7
Spellcasting   | |  2.2

Action                   |  1- 3 |  4- 6 || total
-------------------------+-------+-------++-------
Melee: Unarmed           |    38 |       ||    38
       Tailslap          |    11 |     2 ||    13
       Whip              |    20 |     7 ||    27
 Cast: Flame Tongue      |    55 |     6 ||    61
       Throw Flame       |    10 |     5 ||    15
  Use: Scroll            |     5 |       ||     5
       Potion            |       |     3 ||     3
  Eat: Chunk             |     3 |     2 ||     5
       Royal jelly       |     1 |       ||     1
Armor: Skin              |    29 |     7 ||    36
Dodge: Dodged            |    64 |     4 ||    68
